 Dungeon Crawl Stone Soup version 0.29.0-4-gdea44cf6ec (webtiles) character file.

Game seed: 3201658760458039567

83 qw the Chopper (level 4, 0/26 HPs)
             Began as a Tengu Warper on Aug 28, 2022.
             Killed by nerve-wracking pain
             ... invoked by Grinder
              (3 damage)
             ... on level 3 of the Dungeon.
             The game lasted 00:00:17 (2882 turns).

qw the Chopper (Tengu Warper)                       Turns: 2882, Time: 00:00:17

Health: 0/26       AC:  8    Str: 18    XL:     4   Next: 44%
Magic:  8/8        EV:  7    Int: 12    God:
Gold:   135        SH:  3    Dex: 12    Spells: 7/7 levels left

rFire   . . .      SeeInvis .   Y - +0 hand axe
rCold   . . .      Faith    .   q - +0 buckler
rNeg    . . .      Spirit   .   r - +0 chain mail
rPois   +          Reflect  .   (helmet restricted)
rElec   .          Harm     .   (no cloak)
rCorr   .          Rampage  .   (no gloves)
Will    .....                   (boots unavailable)
Stlth   ..........              (no amulet)
HPRegen 0.08/turn               (no ring)
MPRegen 0.11/turn               (no ring)

@: about to teleport
A: beak, talons 3, poison resistance, strong 1
a: no special abilities


You were on level 3 of the Dungeon.
You visited 1 branch of the dungeon, and saw 3 of its levels.

You collected 168 gold pieces.
You spent 33 gold pieces at shops.


Innate Abilities, Weirdness & Mutations

You have a beak for a mouth.
You have claws for feet.
Your system is resistant to poisons. (rPois)
Your muscles are strong. (Str +4, Int/Dex -1)


   Skills:
 - Level 2.0 Fighting
 + Level 4.8 Axes
 - Level 1.0 Throwing
 - Level 1.1 Armour
 - Level 2.1 Dodging
 - Level 1.0 Shields
 - Level 2.0 Spellcasting
 - Level 2.4 Translocations


You had 7 spell levels left.
You didn't know any spells.
Your spell library contained the following spells:

 Spells                   Type           Power      Damage    Failure   Level
 Blink                    Tloc           12%        N/A       97%         2
 Gell's Gravitas          Tloc           6%         N/A       99%         3
 Lesser Beckoning         Tloc           6%         N/A       99%         3
 Teleport Other           Tloc           6%         N/A       99%         3
 Manifold Assault         Tloc           6%         N/A       100%        5

Inventory:

Hand Weapons
 a - a +0 whip
 Y - a +0 hand axe (weapon)
Missiles
 d - 4 boomerangs (quivered)
Armour
 q - a +0 buckler (worn)
 r - a +0 chain mail (worn)
Scrolls
 m - a scroll of identify
Potions
 e - a potion of haste {unknown}
 f - a potion of curing
 g - a potion of ambrosia {unknown}
 i - a potion of cancellation
 j - 2 potions of resistance {unknown}
 n - a potion of degeneration {unknown}

Dungeon Overview and Level Annotations

Branches:
Dungeon (3/15)

Altars:
The Shining One

Shops:
D:1 *   D:2 !

Annotations:
D:3 Grinder


Message History

Grinder comes into view.
Grinder shouts!
Grinder gestures at you.
You barely resist.
Found 12 gold pieces.
You hit Grinder.
Grinder is lightly wounded.
Grinder blinks!
Grinder says, "Mostly I couldn't keep them alive."
Found a scroll labelled HEYFFURRANN.
Grinder gestures at you. Pain shoots through your body!
Grinder hits you but does no damage.
You slash Grinder! Your kick misses Grinder.
Grinder is moderately wounded.
Grinder hits you.
You writhe in agony.
You hit Grinder. Your peck misses Grinder.
Grinder is moderately wounded.
You block Grinder's attack. Grinder barely misses you.
You barely miss Grinder. You peck Grinder, but do no damage.
Grinder is moderately wounded.
Grinder gestures at you.
You suddenly lose the ability to move!
Grinder hits you but does no damage.
You can move again.
You slash Grinder! You claw Grinder!
Grinder is severely wounded.
Grinder gestures at you. Pain shoots through your body!
You hit Grinder. Your kick misses Grinder. Your peck misses Grinder.
Grinder is almost dead.
Grinder gestures at you. Pain shoots through your body!
2881 ||| READING scroll of teleportation.
As you read the scroll of teleportation, it crumbles to dust.
You feel strangely unstable.
Grinder blinks!
Grinder gestures at you. Pain shoots through your body!
You die...

...............................#+
...............................#
...............................#
...............................#
.............................#..
....................$........#..
.............5...........
........................^
................@.ยค......
.).......................
.........)...............
.........................
.........................
.......................?.
####.....################ #.....#
#.....#


You could see Grinder.

Vanquished Creatures
  A gnoll (D:1)
  An adder (D:3)
  2 worms (D:2)
  A dart slug (D:2)
  4 ball pythons
  4 endoplasms
  2 giant cockroaches
  10 goblins
  7 hobgoblins
  A quokka (D:1)
  6 bats
  5 frilled lizards
  3 kobolds
  6 rats
53 creatures vanquished.

Notes
Turn   | Place    | Note
-------+----------+-------------------------------------------
     0 | D:1      | qw the Tengu Warper began the quest for the Orb.
     0 | D:1      | Reached XP level 1. HP: 12/12 MP: 4/4
     0 | D:1      | 0 ||| qw: Version: 0.1-a-89-g26bdef1
     0 | D:1      | 0 ||| qw: Game counter: 2621
     0 | D:1      | 0 ||| qw: Always use a shield: true
     0 | D:1      | 0 ||| qw: God list: Okawaru
     0 | D:1      | 0 ||| qw: Allow faded altars: false
     0 | D:1      | 0 ||| qw: Do Orc after D:15 true
     0 | D:1      | 0 ||| qw: Do second Lair branch before Depths: true
     0 | D:1      | 0 ||| qw: Lair rune preference: random
     0 | D:1      | 0 ||| qw: Plans: Normal
     0 | D:1      | 0 ||| PLANNING D:1-11
   325 | D:1      | 325 ||| Stepping ~*~*~tactically~*~*~ (stealth).
   330 | D:1      | Reached skill level 3 in Axes
   330 | D:1      | Reached XP level 2. HP: 17/17 MP: 6/6
   381 | D:1      | 381 ||| Stepping ~*~*~tactically~*~*~ (stealth).
   382 | D:1      | 382 ||| Stepping ~*~*~tactically~*~*~ (stealth).
   383 | D:1      | 383 ||| Stepping ~*~*~tactically~*~*~ (stealth).
   514 | D:1      | 514 ||| Stepping ~*~*~tactically~*~*~ (hiding).
   754 | D:1      | Found Iqoamisa's General Store.
   760 | D:1      | 760 ||| SHOPLISTING +0 mace (42 gold, have 9).
   760 | D:1      | 760 ||| SHOPLISTING +0 whip (35 gold, have 9).
   760 | D:1      | 760 ||| SHOPLISTING potion of curing (42 gold, have 9).
   760 | D:1      | 760 ||| SHOPLISTING scroll of identify (28 gold, have 9).
   760 | D:1      | 760 ||| SHOPLISTING scroll of teleportation (42 gold, have
                  | 9).
   890 | D:1      | Reached XP level 3. HP: 19/21 MP: 7/7
  1142 | D:1      | 1142 ||| READING scroll labelled IMYIPR SEXZEP.
  1143 | D:1      | 1143 ||| READING scroll labelled SECEV NAANTOUHI.
  1144 | D:1      | 1144 ||| DROPPING scroll of blinking.
  1158 | D:2      | 1158 ||| STAIRDANCE
  1224 | D:2      | 1224 ||| STAIRDANCE
  1327 | D:2      | Reached skill level 4 in Axes
  1338 | D:2      | 1338 ||| Stepping ~*~*~tactically~*~*~ (stealth).
  1345 | D:2      | 1345 ||| FLEEEEING.
  1414 | D:2      | 1414 ||| Stepping ~*~*~tactically~*~*~ (stealth).
  1415 | D:2      | 1415 ||| Stepping ~*~*~tactically~*~*~ (stealth).
  1421 | D:2      | 1421 ||| Stepping ~*~*~tactically~*~*~ (stealth).
  1424 | D:2      | 1424 ||| Stepping ~*~*~tactically~*~*~ (stealth).
  1429 | D:2      | 1429 ||| Stepping ~*~*~tactically~*~*~ (stealth).
  1430 | D:2      | 1430 ||| FLEEEEING.
  1433 | D:2      | 1433 ||| Stepping ~*~*~tactically~*~*~ (stealth).
  1447 | D:2      | 1447 ||| Stepping ~*~*~tactically~*~*~ (stealth).
  1448 | D:2      | 1448 ||| Stepping ~*~*~tactically~*~*~ (stealth).
  1453 | D:2      | 1453 ||| Stepping ~*~*~tactically~*~*~ (stealth).
  1464 | D:2      | 1464 ||| FLEEEEING.
  1465 | D:2      | 1465 ||| FLEEEEING.
  1466 | D:2      | 1466 ||| FLEEEEING.
  1468 | D:2      | 1468 ||| FLEEEEING.
  1469 | D:2      | 1469 ||| FLEEEEING.
  1472 | D:2      | 1472 ||| FLEEEEING.
  1473 | D:2      | 1473 ||| FLEEEEING.
  1474 | D:2      | 1474 ||| FLEEEEING.
  1532 | D:2      | Found Ridomuri's Distillery.
  1535 | D:2      | 1535 ||| Stepping ~*~*~tactically~*~*~ (stealth).
  1542 | D:2      | 1542 ||| Stepping ~*~*~tactically~*~*~ (stealth).
  1546 | D:2      | 1546 ||| SHOPLISTING potion of cancellation (88 gold, have
                  | 63).
  1546 | D:2      | 1546 ||| BUYING potion of curing (33 gold).
  1546 | D:2      | Bought a potion of curing for 33 gold pieces
  1546 | D:2      | 1546 ||| SHOPLISTING potion of curing (33 gold, have 30).
  1546 | D:2      | 1546 ||| SHOPLISTING potion of heal wounds (55 gold, have
                  | 30).
  1546 | D:2      | 1546 ||| SHOPLISTING potion of mutation (88 gold, have 30).
  1645 | D:2      | 1645 ||| Stepping ~*~*~tactically~*~*~ (stealth).
  1647 | D:2      | 1647 ||| Stepping ~*~*~tactically~*~*~ (stealth).
  1675 | D:2      | 1675 ||| Stepping ~*~*~tactically~*~*~ (stealth).
  1689 | D:2      | 1689 ||| Stepping ~*~*~tactically~*~*~ (stealth).
  1757 | D:2      | 1757 ||| Stepping ~*~*~tactically~*~*~ (stealth).
  1923 | D:2      | HP: 5/21 [worm (9)]
  1926 | D:2      | Reached XP level 4. HP: 6/26 MP: 8/8
  2205 | D:2      | 2205 ||| Stepping ~*~*~tactically~*~*~ (stealth).
  2206 | D:2      | Found a glowing golden altar of the Shining One.
  2440 | D:2      | 2440 ||| Stepping ~*~*~tactically~*~*~ (stealth).
  2442 | D:2      | 2442 ||| Stepping ~*~*~tactically~*~*~ (stealth).
  2451 | D:2      | 2451 ||| Stepping ~*~*~tactically~*~*~ (stealth).
  2452 | D:2      | 2452 ||| Stepping ~*~*~tactically~*~*~ (stealth).
  2510 | D:2      | 2510 ||| Stepping ~*~*~tactically~*~*~ (stealth).
  2512 | D:2      | 2512 ||| Stepping ~*~*~tactically~*~*~ (stealth).
  2513 | D:2      | 2513 ||| Stepping ~*~*~tactically~*~*~ (stealth).
  2563 | D:2      | 2563 ||| UPGRADING to +0 buckler.
  2568 | D:2      | 2568 ||| UPGRADING to +0 chain mail.
  2578 | D:2      | 2578 ||| DROPPING +0 leather armour.
  2579 | D:2      | 2579 ||| DROPPING ring of wizardry.
  2580 | D:2      | 2580 ||| READING scroll labelled ZUNOZE XYMPA.
  2581 | D:2      | 2581 ||| READING 2 scrolls labelled TIOSMU SENUQ.
  2585 | D:2      | 2585 ||| READING scroll labelled REQUDD SUIRCH.
  2586 | D:2      | 2586 ||| DRINKING 2 bubbling emerald potions.
  2587 | D:2      | 2587 ||| DRINKING 2 silvery potions.
  2588 | D:2      | 2588 ||| DRINKING 2 inky potions.
  2588 | D:2      | Gained mutation: Your system is resistant to poisons.
                  | (rPois) [potion of mutation]
  2588 | D:2      | Gained mutation: You occasionally lose the ability to read
                  | scrolls when taking damage. [potion of mutation]
  2589 | D:2      | 2589 ||| DRINKING potion of mutation.
  2589 | D:2      | Lost mutation: Your system is resistant to poisons. (rPois)
                  | [potion of mutation]
  2589 | D:2      | Lost mutation: You occasionally lose the ability to read
                  | scrolls when taking damage. [potion of mutation]
  2589 | D:2      | Gained mutation: Your system is resistant to poisons.
                  | (rPois) [potion of mutation]
  2589 | D:2      | Gained mutation: Your muscles are strong. (Str +4, Int/Dex
                  | -1) [potion of mutation]
  2590 | D:2      | 2590 ||| DROPPING potion of brilliance.
  2614 | D:3      | 2614 ||| STAIRDANCE
  2665 | D:3      | 2665 ||| DROPPING +0 club.
  2673 | D:3      | Found a faded altar of an unknown god.
  2704 | D:3      | Reached skill level 1 in Shields
  2866 | D:3      | Noticed Grinder
  2877 | D:3      | Paralysed by Grinder for 2 turns
  2880 | D:3      | HP: 3/26 [Grinder/nerve-wracking pain (10)]
  2881 | D:3      | 2881 ||| READING scroll of teleportation.
  2882 | D:3      | Killed from afar by Grinder

Levels and vault maps discovered:
D:1:      zaba_arrival_water, layout_rooms, serial_shops,
          nicolae_shop_waterfront
D:2:      layout_basic, serial_shops, shop, basic_altar, minmay_goblin_outpost
D:3:      layout_basic, dreamdust_ecumenical_altar_statues, uniq_grinder

Skill      XL: |  1  2  3  4 |
---------------+-------------+-----
Axes           | 3 4 |  4.8
Shields        | 1 |  1.0
Fighting       | |  2.0
Throwing       | |  1.0
Armour         | |  1.1
Dodging        | |  2.1
Spellcasting   | |  2.0
Translocations | |  2.4

Action                   |  1- 3 |  4- 6 || total
-------------------------+-------+-------++-------
Melee: Hand axe          |    76 |    23 ||    99
       Kick              |    18 |     6 ||    24
       Peck              |     4 |     3 ||     7
       Punch             |     2 |       ||     2
Throw: Boomerang         |    28 |    15 ||    43
  Use: Scroll            |     2 |     4 ||     6
       Potion            |       |     4 ||     4
Armor: Leather armour    |    10 |     2 ||    12
       Chain mail        |       |     7 ||     7
Dodge: Dodged            |    29 |     5 ||    34
Block: Buckler           |       |     4 ||     4

Table legend:
 A = Non-vault XP
 B = Vault XP
 C = Vault XP percentage of total XP
 D = Non-vault monster count
 E = Vault monster count
 F = Vault count percentage of total count
                 A         B        C        D         E       F
            +---------+---------+-------+---------+---------+-------
      Total |     104 |      15 |  12.6 |      45 |       8 |  15.1
            +---------+---------+-------+---------+---------+-------
        D:1 |      41 |       0 |   0.0 |      17 |       0 |   0.0
        D:2 |      38 |      15 |  28.3 |      19 |       8 |  29.6
        D:3 |      25 |       0 |   0.0 |       9 |       0 |   0.0
            +---------+---------+-------+---------+---------+-------
